Map: Catalyst LE

Players

tglanz

  • Race: Terran Terran
  • Spawn Location: 11:00

Sentinel - Winner!

  • Race: Terran Terran
  • League: Gold
  • Spawn Location: 5:00

VOD

Have the link to the VOD?

Description

Time

  • Played on: June 17, 2018, 1:12 p.m.
  • Length: 16:33
Show
View Real Time Build Order
Export as new Build Order

tglanz Terran 

Build Orders: Reaper Expand, MMM Bio 

Get SALT Encoding   

  12  0:01  SCV  
  13  0:13  SCV  
  14  0:22  Supply Depot  
  14  0:25  SCV  
  15  0:43  SCV  
  15  0:46  Barracks  
  16  0:51  Refinery  
  16  0:55  SCV  
  17  1:07  SCV  
  18  1:20  SCV  
  19  1:39  Orbital Command  
  19  1:42  Command Center  
  19  1:47  Reaper  
  20  1:57  Refinery  
  20  1:59  Supply Depot  
  20  2:13  SCV  
  21  2:16  Barracks  
  21  2:32  Reaper  
  22  2:44  SCV  
  23  2:57  SCV  
  24  2:58  Supply Depot  
  23  3:13  SCV  
  23  3:14  Orbital Command  
  23  3:18  Barracks Tech Lab, Barracks Reactor  
  24  3:22  Factory  
  24  3:26  SCV  
  25  3:29  Barracks  
  25  3:42  Refinery  
  25  3:46  Engineering Bay  
  25  3:48  Engineering Bay  
  25  3:49  SCV x2  
  25  3:52  Stimpack  
  27  4:08  Starport  
  27  4:12  Widow Mine  
  29  4:20  SCV x2  
  31  4:25  Barracks Reactor  
  31  4:32  SCV x2  
  33  4:46  Terran Infantry Weapons Level 1, Terran Infantry Armor Level 1  
  33  4:47  SCV x2  
  33  4:49  Marine  
  33  4:51  Marine  
  37  4:55  Marine  
  38  5:00  Medivac  
  40  5:08  SCV  
  40  5:09  SCV  
  42  5:19  Factory Tech Lab  
  42  5:20  SCV  
  43  5:21  SCV  
  43  5:32  SCV  
  43  5:33  SCV  
  43  5:34  Refinery  
  45  5:39  Siege Tank  
  48  5:43  Starport Tech Lab  
  48  5:49  Starport Tech Lab  
  48  5:52  SCV  
  48  5:53  Fusion Core, SCV  
  50  5:58  Barracks  
  50  6:01  Starport, Marine x2  
  50  6:02  Starport, Marine  
  53  6:04  SCV  
  53  6:05  Combat Shield  
  54  6:12  Supply Depot, SCV  
  54  6:17  SCV, Liberator  
  56  6:24  SCV  
  57  6:31  Marine x2  
  57  6:32  Marine x2  
  61  6:33  Marine  
  61  6:34  Siege Tank  
  61  6:39  Advanced Ballistics  
  68  6:56  Starport Reactor x2  
  68  6:58  Marine  
  68  6:59  Marine  
  68  7:01  Command Center  
  70  7:08  Supply Depot  
  70  7:11  Marine  
  70  7:29  Marine x2  
  70  7:30  Battlecruiser  
  70  7:34  Supply Depot  
  78  7:39  Supply Depot  
  78  7:55  Marine x3, Medivac x2  
  85  8:02  SCV x2  
  72  8:58  Liberator x3  
  72  8:59  Liberator  
  72  9:00  Liberator  
  70  9:45  Orbital Command  
  65  9:56  Marine x3  
  65  9:57  Marine x2  
  65  9:59  Siege Tank  
  73  10:32  SCV x2  
  75  10:39  Medivac x2  
  75  10:41  Marine x3  
  75  10:42  Marine x2  
  84  10:46  Widow Mine  
  86  11:01  Command Center  
  86  11:02  Sensor Tower  
  84  11:24  Viking x4  
  84  11:25  Viking  
  93  11:39  SCV  
  94  11:47  SCV, Marine x5  
  94  11:51  Refinery  
  100  11:55  Missile Turret  
  100  11:56  Missile Turret, Supply Depot  
  100  11:57  Supply Depot  
  100  12:02  Supply Depot  
  66  13:00  Marine  
  66  13:01  Marine x5  
  72  13:10  Barracks  
  69  13:13  Barracks  
  69  13:18  Marine  
  69  13:19  Marine x2  
  71  13:22  Medivac x4  
  71  13:23  Medivac  
  81  13:28  Marine x3  
  84  13:35  SCV  
  84  13:36  Armory, SCV  
  86  13:50  SCV x2  
  86  13:52  Command Center  
  88  13:56  Marine x5  
  86  14:08  Barracks Reactor  
  86  14:09  Barracks Reactor  
  86  14:24  Marine  
  86  14:25  Marine x4  
  86  14:26  Command Center  
  86  14:30  Missile Turret, Supply Depot  
  91  14:31  Supply Depot  
  91  14:33  Supply Depot  
  91  14:39  Missile Turret  
  91  14:40  Barracks  
  91  14:43  Barracks  
  91  14:45  Barracks  
  90  15:25  Marine x6  
  86  15:42  Marine  
  86  15:43  Marine  
  76  15:59  Marine x4  
  59  16:15  Marine x2  
Show
View Real Time Build Order
Export as new Build Order

Sentinel Terran - Winner!

Build Orders:  

Get SALT Encoding   

  12  0:00  SCV  
  13  0:17  Supply Depot  
  13  0:18  SCV  
  14  0:30  SCV  
  15  0:36  Refinery  
  15  0:42  Barracks  
  15  0:47  SCV  
  16  0:59  SCV  
  17  1:11  SCV  
  18  1:23  SCV  
  18  1:24  Refinery  
  19  1:30  Supply Depot, Reaper  
  20  1:35  SCV  
  21  2:01  Command Center  
  21  2:02  Marine  
  23  2:12  Orbital Command  
  22  2:28  Marine, Factory  
  23  2:51  Marine  
  23  2:55  SCV  
  25  3:07  SCV  
  25  3:14  Cyclone  
  25  3:16  Factory  
  29  3:20  SCV  
  29  3:30  Marine  
  29  3:33  Bunker  
  30  3:35  SCV  
  30  3:37  Orbital Command  
  31  3:48  Marine  
  32  3:50  Factory Reactor  
  32  3:54  SCV  
  33  4:05  Marine  
  33  4:06  SCV  
  36  4:10  SCV  
  36  4:12  Refinery  
  36  4:18  SCV  
  36  4:21  Factory Tech Lab  
  36  4:22  SCV  
  36  4:23  Marine  
  39  4:30  SCV  
  40  4:34  SCV  
  41  4:41  Engineering Bay, Marine  
  41  4:42  Starport  
  42  4:47  Siege Tank  
  45  4:56  Cyclone x2  
  51  5:02  Supply Depot  
  51  5:05  SCV x2  
  53  5:08  Armory  
  53  5:17  SCV  
  54  5:22  Refinery  
  54  5:23  SCV  
  54  5:24  Supply Depot  
  55  5:37  Missile Turret  
  55  5:41  Missile Turret  
  55  5:46  Supply Depot  
  55  5:47  SCV x2  
  57  5:54  Siege Tank  
  57  5:55  Cyclone  
  63  5:59  SCV x2  
  63  6:03  Missile Turret  
  63  6:04  Missile Turret  
  65  6:06  Starport Tech Lab  
  65  6:11  SCV  
  66  6:17  Cyclone  
  69  6:26  Siege Tank  
  69  6:27  Cyclone  
  75  6:49  SCV x2  
  77  6:57  Cyclone  
  77  6:59  Cyclone  
  77  7:01  SCV x2  
  85  7:02  Supply Depot  
  85  7:08  Starport  
  85  7:24  Supply Depot  
  85  7:47  Supply Depot  
  85  8:03  Starport Tech Lab  
  85  8:07  Fusion Core  
  85  8:08  Terran Vehicle And Ship Armor Level 1  
  85  8:10  Supply Depot  
  81  8:21  Viking  
  83  8:38  Armory  
  74  9:12  Battlecruiser x2  
  71  9:49  Thor  
  71  9:51  Cyclone  
  71  9:52  Cyclone  
  77  10:16  Battlecruiser  
  77  10:17  Battlecruiser  
  86  10:43  Command Center  
  86  10:48  Siege Tank  
  89  11:01  Missile Turret  
  89  11:21  Battlecruiser  
  95  11:45  Terran Vehicle And Ship Armor Level 2  
  95  11:46  Terran Ship Weapons Level 1  
  95  11:49  Battlecruiser  
  101  12:15  Starport  
  101  12:17  Starport  
  101  12:20  Starport, Refinery  
  101  12:25  Battlecruiser  
  107  12:41  Refinery  
  101  13:18  Battlecruiser  
  107  13:22  Starport Tech Lab x3  
  107  13:28  Planetary Fortress  
  107  13:29  Battlecruiser  
  113  13:39  Missile Turret  
  113  13:49  Siege Tank  
  113  13:54  Hellbat  
  113  13:55  Hellbat  
  120  14:01  Missile Turret  
  120  14:15  Battlecruiser x2  
  132  14:24  Missile Turret  
  132  15:15  Weapon Refit  
  132  16:00  Siege Tank, Hellbat x2  
Tags
 
Composition
MMM Bio
League
Gold
Matchup
TvT
Race
Terran
Spawn Locations
Cross Positions
Add a new tag
Caveats
  • Supply blocks, unpowered buildings, or Contaminate may cause inaccurate times.
  • Supply counts are checked every 10 seconds.